 Dungeon Crawl Stone Soup version 0.31-a0-818-ge7c7cf74f0 (webtiles) character file.

Game seed: 17772270947150260958

259 randomguy2701 the Gusty (level 6, -4/32 HPs)
             Began as a Tengu Air Elementalist on Sept 23, 2023.
             Slain by a kobold brigand
             ... wielding a +0 short sword
              (7 damage)
             ... on level 5 of the Dungeon.
             The game lasted 00:05:33 (5036 turns).

randomguy2701 the Gusty (Tengu Air Elementalist)    Turns: 5036, Time: 00:05:34

Health: -4/32      AC:  3    Str:  7 (9)  XL:     6   Next: 17%
Magic:  11/11      EV: 12    Int: 15 (17) God:
Gold:   212        SH:  0    Dex: 12 (14) Spells: 2/10 levels left

rFire   . . .        (no weapon)
rCold   . . .        (no shield)
rNeg    . . .        a - +0 robe
rPois   .            (helmet restricted)
rElec   .            i - +0 cloak
rCorr   .            (no gloves)
SInv    .            (boots unavailable)
Will    .....        (no amulet)
Stlth   ++           (no ring)
HPRegen 0.25/turn    (no ring)
MPRegen 0.12/turn

%: acrobat
@: lethally poisoned (-4 -> -19)
A: beak, talons 3, acrobatic, evolution 1
a: no special abilities


You were on level 5 of the Dungeon.
You visited 1 branch of the dungeon, and saw 5 of its levels.

You collected 212 gold pieces.

Inventory:

Armour
 a - a +0 robe (worn)
 i - a +0 cloak (worn)
Scrolls
 c - a scroll of amnesia {unknown}
 j - a scroll of vulnerability
 k - a scroll of enchant armour {unknown}
 l - 3 scrolls of identify
 m - 3 scrolls of teleportation {unknown}
 n - a scroll of enchant weapon {unknown}
 o - a scroll of torment {unknown}
 q - a scroll of brand weapon {unknown}
 t - a scroll of acquirement {unknown}
Potions
 b - 2 potions of magic
 d - a potion of lignification
 s - a potion of enlightenment {unknown}


   Skills:
 + Level 2.3 Dodging
 + Level 2.8 Stealth
 + Level 2.9 Spellcasting
 + Level 4.8 Conjurations
 + Level 6.1 Air Magic


You had 2 spell levels left.
You knew the following spells:

 Your Spells              Type           Power      Damage    Failure   Level
a - Shock                 Conj/Air       72%        1d7       2%          1
b - Airstrike             Air            10%        2d(2-18)  16%         4
c - Swiftness             Air            20%        N/A       4%          3

Your spell library contained the following spells:

 Spells                   Type           Power      Damage    Failure   Level
 Static Discharge         Conj/Air       36%        2-4/arc   3%          2


Dungeon Overview and Level Annotations

Branches:
Dungeon (5/15)
 Temple: D:4-7

Altars:

Shops:
D:1 *

Annotations:
D:5 Menkaure


Innate Abilities, Weirdness & Mutations

You have a beak for a mouth.
You have claws for feet.
You can magically evade attacks while moving or waiting.
You have hidden genetic potential.


Message History

Your roots penetrate the ground.
* * * LOW HITPOINT WARNING * * *
You feel very sick.
It was a potion of mutation.
You feel extremely strange.
You feel a hidden potential growing inside you.
* * * LOW HITPOINT WARNING * * *
You feel very sick.
The kobold brigand throws a poisoned dart.
The poisoned dart hits you!
It was a potion of degeneration.
There was something very wrong with that liquid.
You feel weakened.
You feel dopey.
You feel clumsy.
* * * LOW HITPOINT WARNING * * *
You feel very sick.
The kobold brigand throws a poisoned dart.
The poisoned dart hits you!
The kobold brigand throws a poisoned dart.
The poisoned dart hits you!
You are more poisoned.
It was a potion of ambrosia.
You are confused.
You feel invigorated.
* * * LOW HITPOINT WARNING * * *
You feel very sick.
The kobold brigand throws a poisoned dart.
The poisoned dart hits you!
You are more poisoned.
The kobold barely misses you.
It was a potion of cancellation.
Your magical effects are unravelling.
You feel magically purged.
You feel less wooden.
Your +0 cloak unmelds from your body.
Your +0 robe unmelds from your body.
You no longer feel sluggish.
You feel less invigorated.
You feel less confused.
* * * LOW HITPOINT WARNING * * *
You feel very sick.
The kobold brigand hits you with a +0 short sword!
You die...

*######.####.#* *,*,**,*
.............###########*,*,**,*
#######.##.....#########******,*
#####.##.#############******,*
#####M..#########.##.J,,,,**,*
**#####.#####....#.#.#PP,,,,**,*
,,#####.#.##.....#.#.#J÷,,,,**,**
*,#####...'..K..K#+#.#.P,,,,**,*,
*,######.M'...KK@..#.#JJ,,,,****,
*,#######.'.$.KK...#.#PP,,,,****,
*,#######.##......!#K#÷.,,,,**,,,
,,###########......##+PP,,,,**,*,
**####################JJ,,,,**,*,
######################******,*,
#############.########******,,,
########............##,,,,,,,,,
*########.###...,,,,,,,,,,,,,***


You could see 4 kobold brigands, Menkaure and 2 kobolds.

Vanquished Creatures
  2 hounds
  An iguana (D:3)
  An orc wizard (D:3)
  6 adders
  2 worms
  3 dart slugs
  7 orcs
  4 ball pythons
  11 endoplasms
  3 giant cockroaches
  9 goblins
  8 hobgoblins
  2 quokkas
  4 bats
  2 frilled lizards (D:3)
  4 kobolds
  6 rats
75 creatures vanquished.

Notes
Turn   | Place    | Note
-------+----------+-------------------------------------------
     0 | D:1      | randomguy2701 the Tengu Air Elementalist began the quest
                  | for the Orb.
     0 | D:1      | Reached XP level 1. HP: 10/10 MP: 4/4
   207 | D:1      | Reached XP level 2. HP: 15/15 MP: 1/6
   271 | D:1      | Found Gefuojis's Assorted Antiques.
  1156 | D:1      | Reached XP level 3. HP: 19/19 MP: 3/7
  1570 | D:2      | Found a faded altar of an unknown god.
  1820 | D:2      | Reached skill level 5 in Air Magic
  1908 | D:2      | Reached XP level 4. HP: 24/24 MP: 5/8
  2569 | D:3      | Reached XP level 5. HP: 28/28 MP: 3/9
  4401 | D:4      | Reached XP level 6. HP: 31/32 MP: 5/11
  4793 | D:5      | Entered Level 5 of the Dungeon
  4797 | D:5      | Noticed an ice beast
  4916 | D:5      | Noticed an ice beast
  4924 | D:4      | Learned a level 4 spell: Airstrike
  4928 | D:4      | Learned a level 3 spell: Swiftness
  4950 | D:5      | Reached skill level 6 in Air Magic
  5010 | D:5      | Noticed Menkaure
  5031 | D:5      | Noticed a slime creature
  5031 | D:5      | Noticed a slime creature
  5031 | D:5      | Noticed a slime creature
  5033 | D:5      | Gained mutation: You have hidden genetic potential. [potion
                  | of mutation]
  5034 | D:5      | HP: 2/48 [poisoned by a kobold brigand]
  5036 | D:5      | Slain by a kobold brigand

Illustrated notes

Levels and vault maps discovered:
D:1:      dpeg_arrival_tiny_e, layout_basic, serial_shops, shop_fountains,
          item_on_display_a
D:2:      layout_rooms, basic_ecumenical_altar
D:3:      layout_basic
D:4:      layout_loops_corners
D:5:      cheibrodos_fertilizer, layout_loops_ring,
          nicolae_overflow_hidden_temple, kennysheep_generic_room_5,
          uniq_menkaure

Skill      XL: |  1  2  3  4  5  6 |
---------------+-------------------+-----
Conjurations   | 3 4 |  4.8
Air Magic      | 5 6 |  6.1
Dodging        | |  2.3
Stealth        | |  2.8
Spellcasting   | |  2.9

Action                     |  1- 3 |  4- 6 || total
---------------------------+-------+-------++-------
  Melee: Unarmed           |       |     5 ||     5
         Kick              |       |     2 ||     2
   Cast: Shock             |    83 |   119 ||   202
         Swiftness         |       |     2 ||     2
         Airstrike         |       |     1 ||     1
    Use: Potion            |       |     5 ||     5
         Scroll            |       |     3 ||     3
 Armour: Robe              |     5 |    16 ||    21
  Dodge: Dodged            |     4 |    21 ||    25

Table legend: (Time is in decaauts)
 A = Elapsed time spent in this place.
 B = Non-inter-level travel time spent in this place.
 C = Inter-level travel time spent in this place.
 D = Time resting spent in this place.
 E = Time spent auto-exploring this place.
 F = Levels seen in this place.
 G = Mean time per level.
                   A        B        C        D        E       F      G
               +--------+--------+--------+--------+--------+-----+--------+
         Total |   5036 |   4815 |    221 |      0 |   4370 |   5 | 1007.2 |
       Dungeon |   5036 |   4815 |    221 |      0 |   4370 |   5 | 1007.2 |
               +--------+--------+--------+--------+--------+-----+--------+

Top non-repeatable levels by time:
     D:1: 1394 daAuts
     D:3: 1351 daAuts
     D:4: 1247 daAuts
     D:2: 903 daAuts
     D:5: 139 daAuts
